 Dungeon Crawl Stone Soup version 0.28-a0-687-gb91baff9cc (webtiles) character file.

Game seed: 6872610721622498121

140 kae the Digger (level 5, -3/28 HPs)
             Began as a Gargoyle Earth Elementalist on Oct 19, 2021.
             Slain by Terence (7 damage)
             ... on level 1 of the Dungeon.
             The game lasted 00:02:46 (2992 turns).

kae the Digger (Gargoyle Earth Elementalist)        Turns: 2992, Time: 00:02:47

Health: -3/28      AC:  6    Str: 12    XL:     5   Next: 23%
Magic:  9/9        EV: 11    Int: 16    God:
Gold:   64         SH:  0    Dex: 10    Spells: 6/10 levels left

rFire   . . .      SeeInvis .   e - +0 dagger
rCold   . . .      Faith    .   (no shield)
rNeg    + . .      Spirit   .   b - +0 robe
rPois   ∞          Reflect  .   (no helmet)
rElec   +          Harm     .   (no cloak)
rCorr   .          Rampage  .   (no gloves)
Will    .....                   (no boots)
Stlth   ++........              (no amulet)
HPRegen 0.09/turn               (no ring)
MPRegen 0.11/turn               (no ring)

@: no status effects
A: sickness immunity, AC +4, negative energy resistance 1, electricity
resistance, torment resistance 1, petrification resistance
a: no special abilities


You were on level 1 of the Dungeon.
You visited 1 branch of the dungeon, and saw 2 of its levels.

You collected 64 gold pieces.

Inventory:

Hand Weapons
 e - a +0 dagger (weapon)
Missiles
 c - 23 stones
Armour
 b - a +0 robe (worn)
Jewellery
 j - a +4 ring of protection
Scrolls
 h - 2 scrolls of enchant weapon {unknown}
 i - a scroll of teleportation {unknown}


   Skills:
 - Level 1.5 Dodging
 - Level 2.1 Stealth
 + Level 3.1 Spellcasting
 + Level 0.5 Conjurations
 - Level 0.7 Transmutations
 * Level 6.0 Earth Magic


You had 6 spell levels left.
You knew the following spells:

 Your Spells              Type           Power      Damage    Failure   Level
a - Sandblast             Erth           42%        2d11      1%          1
b - Stone Arrow           Conj/Erth      26%        3d8       14%         3

Your spell library contained the following spells:

 Spells                   Type           Power      Damage    Failure   Level
 Passwall                 Tmut/Erth      10%        N/A       7%          2
 Petrify                  Tmut/Erth      13%        N/A       43%         4
 Animate Dead             Necr           1%         N/A       88%         4
 Haunt                    Necr/Summ      1%         N/A       100%        7
 Infestation              Necr           1%         N/A       100%        8


Dungeon Overview and Level Annotations

Branches:
Dungeon (2/15)

Altars:
Okawaru

Annotations:
D:1 Terence


Innate Abilities, Weirdness & Mutations

You are immune to sickness and miasma.
Your stone body is resilient. (AC +4)
You are immune to poison.
You resist negative energy. (rN+)
You are resistant to electric shocks. (rElec)
You are resistant to unholy torment.
You are immune to petrification.


Message History

You see here a +0 club.
Terence hits you with a +2 mace of venom.
* * * LOW HITPOINT WARNING * * *
Terence barely misses you. Terence says, "How do you enjoy it?"
There is a stone staircase leading down here.
You see here a +0 club.
There is a stone staircase leading down here.
You see here a +0 club.
There is a stone staircase leading down here.
You see here a +0 club.
There is a stone staircase leading down here.
You see here a +0 club.
There is a stone staircase leading down here.
You see here a +0 club.
There is a stone staircase leading down here.
You see here a +0 club.
There is a stone staircase leading down here.
You see here a +0 club.
There is a stone staircase leading down here.
You see here a +0 club.
There is a stone staircase leading down here.
You see here a +0 club.
There is a stone staircase leading down here.
You see here a +0 club.
There is a stone staircase leading down here.
You see here a +0 club.
There is a stone staircase leading down here.
You see here a +0 club.
There is a stone staircase leading down here.
You see here a +0 club.
There is a stone staircase leading down here.
You see here a +0 club.
There is a stone staircase leading down here.
You see here a +0 club.
Terence hits you with a +2 mace of venom!
* * * LOW HITPOINT WARNING * * *
You completely miss Terence.
Terence hits you with a +2 mace of venom!
You die...

....## #########
#....## #.......#
).....# #.#####.#
#.#.#.## #####.#####.#
.......####........##.#
.#...........##.##.##.#
..#.....#.#.###.......#
...#......### #..>>...#
.......#### ###@#.##.#
.......# #...@.##.#
.......##### #........#
..#.##.....###.#.###..#
..#.##.....##.........#
...........##.....##.##
..####.....##...#.##.#
#.####.....###.##.##.#
#....÷.##### #...>...#


You could see Terence.

Vanquished Creatures
  Natasha (thrice) (D:2)
  An adder (D:2)
  A worm (D:2)
  3 dart slugs (D:2)
  7 bats
  3 endoplasms (D:2)
  4 giant cockroaches
  4 hobgoblins
  3 kobolds (D:2)
  5 quokkas
  2 ball pythons
  A frilled lizard (D:2)
  5 goblins
  5 rats
47 creatures vanquished.

Notes
Turn   | Place    | Note
-------+----------+-------------------------------------------
     0 | D:1      | kae the Gargoyle Earth Elementalist began the quest for the
                  | Orb.
     0 | D:1      | Reached XP level 1. HP: 10/10 MP: 3/3
   343 | D:1      | Reached skill level 4 in Earth Magic
   404 | D:1      | Reached XP level 2. HP: 15/15 MP: 3/5
  1408 | D:1      | Reached XP level 3. HP: 19/19 MP: 4/6
  1412 | D:1      | Learned a level 3 spell: Stone Arrow
  1621 | D:2      | Noticed Natasha
  1627 | D:2      | Killed Natasha
  1628 | D:2      | Reached skill level 5 in Earth Magic
  1679 | D:2      | Noticed Natasha
  1684 | D:2      | Killed Natasha
  1685 | D:2      | Reached XP level 4. HP: 22/24 MP: 2/8
  1835 | D:2      | Noticed Natasha
  1849 | D:2      | Killed Natasha
  1978 | D:2      | Found an iron altar of Okawaru.
  2090 | D:2      | Reached XP level 5. HP: 28/28 MP: 9/9
  2200 | D:2      | Found a faded altar of an unknown god.
  2567 | D:2      | Reached skill level 6 in Earth Magic
  2855 | D:2      | Noticed Terence
  2992 | D:1      | Slain by Terence

Illustrated notes

Levels and vault maps discovered:
D:1:      eino_arrival_tree_alley, layout_loops_cross, hangedman_decor_opposing
D:2:      layout_basic, shapermc_ecumenical_altar_mp_vishouse, basic_altar,
          minmay_heptomino_l4, uniq_natasha, uniq_terence

Skill      XL: |  1  2  3  4  5 |
---------------+----------------+-----
Earth Magic    | 4 5 6 |  6.0
Spellcasting   | 3 |  3.1
Dodging        | |  1.5
Stealth        | |  2.1
Conjurations   | |  0.5
Transmutations | |  0.7

Action                   |  1- 3 |  4- 6 || total
-------------------------+-------+-------++-------
Melee: Unarmed           |    55 |       ||    55
       Dagger            |    29 |    59 ||    88
 Cast: Sandblast         |    30 |    28 ||    58
  Use: Scroll            |       |     3 ||     3
       Potion            |       |     1 ||     1
 Stab: Sleeping          |     1 |     3 ||     4
       Distracted        |       |     1 ||     1
Armor: Robe              |    52 |    18 ||    70
Dodge: Dodged            |    69 |    42 ||   111

Table legend: (Time is in decaauts)
 A = Elapsed time spent in this place.
 B = Non-inter-level travel time spent in this place.
 C = Inter-level travel time spent in this place.
 D = Time resting spent in this place.
 E = Time spent auto-exploring this place.
 F = Levels seen in this place.
 G = Mean time per level.
                   A        B        C        D        E       F      G
               +--------+--------+--------+--------+--------+-----+--------+
         Total |   2991 |   2942 |     49 |     23 |   2422 |   2 | 1495.5 |
       Dungeon |   2991 |   2942 |     49 |     23 |   2422 |   2 | 1495.5 |
               +--------+--------+--------+--------+--------+-----+--------+

Top non-repeatable levels by time:
     D:1: 1682 daAuts
     D:2: 1309 daAuts
